Map: Dusk Towers

Players

MorN

  • Race: Terran Terran
  • League: Master

Apocalypse - Winner!

  • Race: Protoss Protoss
  • League: Master

VOD

Have the link to the VOD?

Description

Time

  • Played on: Dec. 4, 2015, 6:35 p.m.
  • Length: 11:00
Show
View Real Time Build Order
Export as new Build Order

MorN Terran 

Build Orders: MMM Bio 

Get SALT Encoding   

  12  0:01  SCV  
  13  0:13  SCV  
  14  0:18  Supply Depot  
  14  0:25  SCV  
  15  0:39  SCV  
  15  0:40  Barracks  
  16  0:46  Refinery  
  16  0:51  SCV  
  17  1:03  SCV  
  18  1:15  SCV  
  19  1:28  Marine  
  19  1:30  Orbital Command  
  20  1:41  Command Center  
  20  1:53  Factory  
  20  1:57  Marine  
  20  1:59  SCV  
  22  2:11  Supply Depot  
  22  2:14  SCV  
  23  2:32  SCV, Marine  
  25  2:38  Barracks  
  25  2:39  Factory Tech Lab  
  25  2:48  SCV  
  25  2:50  Marine  
  27  2:52  Engineering Bay  
  27  2:53  Refinery  
  27  2:55  Orbital Command  
  27  3:02  Cyclone  
  27  3:05  SCV  
  31  3:17  SCV  
  32  3:20  SCV  
  32  3:24  Terran Infantry Weapons Level 1  
  32  3:25  Marine  
  34  3:29  SCV  
  34  3:32  SCV  
  36  3:41  SCV  
  36  3:44  Marine  
  36  3:45  Stimpack, Marine  
  39  3:51  SCV  
  39  3:55  Supply Depot, SCV  
  41  3:57  Factory Reactor  
  41  4:01  Barracks  
  41  4:03  Marine  
  41  4:04  SCV  
  41  4:07  SCV  
  44  4:10  Barracks Tech Lab  
  44  4:13  Supply Depot  
  44  4:16  SCV  
  45  4:19  SCV  
  46  4:28  SCV  
  46  4:31  SCV  
  45  4:34  Marauder x2  
  49  4:40  SCV, Starport  
  49  4:42  Refinery  
  49  4:43  SCV  
  51  4:46  Factory Reactor  
  51  4:52  SCV  
  52  4:54  Marine x2  
  52  4:55  SCV, Marine  
  52  4:57  Command Center  
  56  5:04  SCV  
  57  5:07  Supply Depot, SCV  
  57  5:10  Marauder  
  58  5:16  SCV  
  58  5:19  SCV  
  56  5:25  Terran Infantry Armor Level 1  
  56  5:28  SCV  
  56  5:31  SCV  
  58  5:40  SCV  
  59  5:43  SCV, Medivac x2  
  59  5:44  Marauder x2, Marine x2  
  70  5:50  Supply Depot  
  70  5:55  Factory Reactor  
  70  6:00  Combat Shields  
  70  6:04  Supply Depot, Refinery  
  70  6:08  Supply Depot, SCV  
  71  6:11  Orbital Command  
  71  6:13  SCV  
  71  6:15  Medivac  
  71  6:17  Marauder, Marine x2  
  78  6:20  SCV  
  78  6:23  Concussive Shells  
  79  6:25  SCV  
  79  6:28  Engineering Bay  
  81  6:32  SCV  
  81  6:38  SCV  
  78  6:40  Armory  
  78  6:41  Orbital Command  
  78  6:48  Marine x2  
  78  6:49  Marauder x2  
  78  6:52  SCV  
  85  6:56  Medivac  
  85  6:57  Widow Mine  
  89  7:06  Marine x2  
  89  7:07  SCV x2  
  93  7:10  Marauder  
  93  7:13  SCV  
  87  7:27  Marine x3  
  90  7:30  Terran Infantry Weapons Level 2  
  90  7:31  Marauder  
  90  7:32  Barracks  
  90  7:33  Barracks  
  92  7:39  Medivac  
  92  7:42  Widow Mine x2  
  98  7:45  SCV x2, Marauder  
  98  7:47  Refinery  
  98  7:48  Supply Depot, Refinery  
  98  7:49  Supply Depot x2  
  102  7:52  Terran Infantry Armor Level 2  
  93  8:08  Marine x3  
  93  8:09  Marauder  
  89  8:26  Marine x3  
  92  8:30  Marine  
  92  8:31  Liberator x2  
  92  8:35  Barracks Reactor, Barracks Tech Lab  
  91  8:43  Marine  
  91  8:44  Marauder, Marine  
  91  8:47  Marine  
  100  9:01  Marine x2  
  98  9:05  Marine  
  98  9:06  Marauder  
  99  9:16  SCV  
  93  9:17  Marine x2  
  93  9:18  Marine  
  93  9:24  Marauder  
  93  9:27  Marauder  
  93  9:30  Marine  
  93  9:31  Medivac x2, Marine  
  96  9:34  Marine  
  96  9:35  Marine  
  96  9:36  SCV x3, Marauder  
  101  9:45  Marauder  
  102  9:48  Marine x3  
  102  9:50  SCV  
  102  9:51  SCV x2, Liberator  
  102  9:52  Marine  
  107  9:53  Marine  
  107  9:57  Marauder  
  107  10:01  Medivac  
  107  10:03  SCV x3  
  107  10:06  Marauder x2, Marine x2  
  113  10:10  Marine  
  113  10:11  Marine  
  118  10:15  SCV x3  
  118  10:18  Marine  
  122  10:24  Marine x2  
  122  10:28  Marine, Marauder x2  
  125  10:29  Marine  
  114  10:36  Marauder  
  114  10:42  Marine x2  
Show
View Real Time Build Order
Export as new Build Order

Apocalypse Protoss - Winner!

Build Orders: 1 Gate Expand 

Get SALT Encoding   

  12  0:01  Probe (Chrono Boost)  
  13  0:11  Probe (Chrono Boost)  
  14  0:19  Pylon  
  14  0:22  Probe (Chrono Boost)  
  15  0:37  Probe (Chrono Boost)  
  15  0:39  Gateway  
  16  0:43  Assimilator  
  16  0:48  Probe (Chrono Boost)  
  17  0:59  Probe (Chrono Boost)  
  18  1:09  Probe (Chrono Boost)  
  19  1:20  Probe (Chrono Boost)  
  20  1:27  Nexus  
  20  1:30  Probe (Chrono Boost)  
  21  1:37  Cybernetics Core  
  21  1:41  Probe (Chrono Boost)  
  21  1:45  Pylon  
  22  1:51  Assimilator  
  22  1:53  Probe (Chrono Boost)  
  23  2:03  Probe (Chrono Boost)  
  24  2:14  Probe (Chrono Boost)  
  24  2:15  Adept  
  27  2:19  Forge  
  27  2:20  Warp Gate  
  27  2:25  Mothership Core (Chrono Boost)  
  29  2:40  Probe (Chrono Boost)  
  29  2:42  Adept  
  29  2:43  Probe (Chrono Boost)  
  33  2:49  Probe (Chrono Boost)  
  34  2:51  Protoss Ground Armor Level 1 (Chrono Boost)  
  34  2:54  Probe  
  35  3:00  Probe  
  36  3:06  Probe  
  36  3:10  Adept, Robotics Facility  
  39  3:13  Probe  
  39  3:18  Probe  
  41  3:23  Probe  
  42  3:30  Probe  
  42  3:33  Pylon  
  43  3:34  Probe  
  43  3:37  Adept  
  46  3:50  Probe  
  46  3:51  Probe  
  46  3:53  Gateway  
  48  3:56  Gateway  
  48  3:57  Warp Prism  
  48  4:00  Probe  
  51  4:03  Pylon  
  51  4:09  Probe  
  52  4:10  Twilight Council  
  52  4:11  Probe  
  52  4:14  Assimilator  
  52  4:16  Assimilator  
  53  4:21  Probe x2  
  55  4:36  Sentry  
  57  4:39  Protoss Ground Armor Level 2 (Chrono Boost)  
  57  4:40  Immortal  
  57  4:42  Probe  
  62  4:50  Pylon x2  
  62  4:53  Resonating Glaives (Chrono Boost)  
  62  5:08  Probe x2  
  64  5:15  Nexus  
  64  5:20  Probe x2  
  64  5:26  Immortal  
  64  5:28  Sentry x3  
  72  5:32  Probe x2  
  72  5:34  Pylon  
  72  5:35  Pylon  
  74  5:44  Probe x2  
  76  5:52  Stalker x3  
  76  5:56  Probe x2  
  84  6:05  Immortal  
  84  6:08  Probe x2  
  90  6:16  Pylon  
  90  6:19  Stalker x2  
  90  6:22  Pylon  
  90  6:25  Blink (Chrono Boost)  
  94  6:26  Probe x2  
  94  6:28  Probe, Adept  
  99  6:36  Protoss Ground Armor Level 3  
  99  6:38  Probe  
  100  6:42  Probe  
  100  6:43  Probe  
  100  6:45  Adept x2  
  106  6:52  Gateway, Immortal  
  110  6:57  Sentry, Pylon x2  
  110  6:58  Probe  
  110  7:00  Probe  
  114  7:02  Assimilator  
  114  7:04  Assimilator  
  114  7:06  Sentry  
  116  7:10  Photon Cannon  
  116  7:11  Probe  
  116  7:13  Probe  
  118  7:16  Gateway  
  112  7:27  Probe, Adept x2  
  112  7:28  Probe  
  118  7:34  Immortal  
  122  7:37  Photon Cannon  
  122  7:53  Nexus  
  122  7:55  Adept x2  
  122  7:58  Gateway  
  126  7:59  Adept x2  
  126  8:01  Photon Cannon  
  126  8:03  Gateway  
  128  8:13  Observer  
  128  8:19  Pylon  
  129  8:21  Gateway  
  129  8:22  Probe  
  129  8:23  Gateway  
  129  8:24  Probe  
  131  8:34  Immortal  
  131  8:36  Templar Archives, Robotics Bay  
  129  8:41  Pylon  
  129  8:50  Zealot x3  
  135  9:09  Probe  
  133  9:11  Probe  
  133  9:12  Adept x3  
  133  9:13  Adept  
  137  9:26  Immortal  
  139  9:39  Adept x5  
  139  9:41  Adept x2  
  139  9:43  Probe  
  139  9:44  Probe  
  155  9:47  Pylon  
  155  9:49  Pylon  
  155  9:51  Stalker, Pylon  
  155  9:52  Pylon  
  153  10:05  Observer  
  149  10:08  Stalker x4  
  149  10:09  Stalker x3  
  149  10:10  Stalker  
  165  10:20  Robotics Bay  
  165  10:23  Pylon  
  165  10:26  Pylon  
  151  10:39  Stalker x3  
  151  10:40  Adept x2  
  137  10:53  Zealot x4  
  137  11:00  Stalker  
Tags
 
Composition
MMM Bio
Matchup
PvT
Replay Pack
MorN pack 2
Add a new tag
Caveats
  • Supply blocks, unpowered buildings, or Contaminate may cause inaccurate times.
  • Supply counts are checked every 10 seconds.